 Dungeon Crawl Stone Soup version 0.20.1-1-g8b1a95d (webtiles) character file.

152 Gremour the Insei (level 5, -5/40 HPs)
             Began as a Draconian Transmuter on Sept 15, 2017.
             Slain by Biabri's ghost (9 damage)
             ... on level 3 of the Dungeon.
             The game lasted 00:21:06 (2762 turns).

Gremour the Insei (Draconian Transmuter)            Turns: 2762, Time: 00:21:06

Health: -5/40      AC:  5    Str: 12    XL:     5   Next: 11%
Magic:  1/8        EV: 13    Int: 19    God:
Gold:   124        SH:  0    Dex: 12    Spells: 3/9 levels left

rFire    . . .     SeeInvis .     - Unarmed
rCold    . . .     Gourm    .   (no shield)
rNeg     . . .     Faith    .   (armour unavailable)
rPois    .         Spirit   .   (helmet restricted)
rElec    .         Reflect  .   g - scarf {cloud immunity}
rCorr    .         Harm     .   (no gloves)
MR       .....                  (no boots)
Stlth    ++........             (no amulet)
Regen    0.2/turn               (no ring)
MPRegen  0.2/turn               (no ring)

@: brilliant, lethally poisoned (-5 -> -18), about to teleport
A: unfitting armour, cold-blooded, AC +5
a: no special abilities


You were on level 3 of the Dungeon.
You were hungry.

You visited 1 branch of the dungeon, and saw 3 of its levels.

You collected 124 gold pieces.

Inventory:

Hand Weapons
 j - a +4 dagger
Missiles
 a - 35 arrows
Armour
 g - a scarf of cloud immunity (worn)
Scrolls
 d - 2 scrolls of teleportation
 e - a scroll of enchant weapon {unknown}
 f - 3 scrolls of identify
 h - a scroll of fog {unknown}
 i - 2 scrolls of recharging {unknown}
 l - a scroll of remove curse {unknown}
Books
 b - a book of Changes

   Spells                             Type                      Level
   a - Beastly Appendage              Transmutation                1
   b - Sticks to Snakes               Transmutation                2
   c - Spider Form                    Transmutation/Poison         3
   d - Ice Form                       Ice/Transmutation            4
   e - Blade Hands                    Transmutation                5
Comestibles
 c - 2 bread rations
 m - 4 fruits
 o - a royal jelly


   Skills:
 + Level 1.2 Fighting
 * Level 2.6 Dodging
 * Level 1.7 Stealth
 + Level 4.1 Unarmed Combat
 + Level 2.6 Spellcasting
 + Level 2.7 Transmutations


You had 3 spell levels left.
You knew the following spells:

 Your Spells              Type           Power        Failure   Level  Hunger
a - Beastly Appendage     Tmut           ###...       1%          1    #......
s - Spider Form           Tmut/Pois      ###.......   3%          3    ###....
t - Sticks to Snakes      Tmut           ###.....     1%          2    ##.....


Dungeon Overview and Level Annotations

Branches:
Dungeon (3/15)

Altars:

Annotations:
D:2 Robin
D:3 Biabri's ghost, weakling MiCK


Innate Abilities, Weirdness & Mutations

Your plain brown scales are hard. (AC +5)
You cannot fit into any form of body armour.
You are cold-blooded and may be slowed by cold attacks.


Message History

* * * LOW HITPOINT WARNING * * *
You feel sick.
Your ball python bites Biabri's ghost but does no damage.
Biabri's ghost closely misses you.
* * * LOW HITPOINT WARNING * * *
You feel sick.
Your ball python misses Biabri's ghost.
Biabri's ghost sneers, "Do you call that fighting?"
Your transformation has ended.
Your scarf of cloud immunity unmelds from your body.
You feel immune to the effects of clouds.
* * * LOW HITPOINT WARNING * * *
You feel sick.
Your ball python bites Biabri's ghost but does no damage.
* * * LOW HITPOINT WARNING * * *
You feel sick.
As you read the scroll of teleportation, it crumbles to dust.
You feel strangely unstable.
* * * LOW HITPOINT WARNING * * *
You feel sick. Biabri's ghost hits you!
You die...

#...# #..####
####...#########..).(#
.....................#..
.............###.......W.
............##
#.#######.. ##.#...#.####
#.# #.......# ##S#
#.....#.# #.W# #.....#.#
#.@# .........# #..#
###.####.# #..#
#.......$. #..#.##.##
#.^..# ##.# # #.# ...


You could see Biabri's ghost and a friendly ball python.

Vanquished Creatures
  Jessica (D:2)
  3 adders
  3 worms
  3 dart slugs (D:1)
  5 leopard geckos
  5 ball pythons (D:1)
  8 bats
  18 goblins
  6 hobgoblins
  4 quokkas
  A frilled lizard (D:1)
  9 kobolds
  7 rats
73 creatures vanquished.

Vanquished Creatures (collateral kills)
  2 goblins (D:2)
2 creatures vanquished.

Grand Total: 75 creatures vanquished

Notes
Turn   | Place    | Note
-------+----------+-------------------------------------------
     0 | D:1      | Gremour the Draconian Transmuter began the quest for the Orb.
     0 | D:1      | Reached XP level 1. HP: 16/16 MP: 3/3
   240 | D:1      | Reached XP level 2. HP: 22/23 MP: 3/5
   522 | D:1      | Reached XP level 3. HP: 26/28 MP: 4/6
   881 | D:1      | Learned a level 2 spell: Sticks to Snakes
   921 | D:1      | Learned a level 3 spell: Spider Form
  1337 | D:2      | Noticed Jessica
  1347 | D:2      | Killed Jessica
  1347 | D:2      | Reached skill level 1 in Stealth
  1347 | D:2      | Reached XP level 4. HP: 29/35 MP: 0/7
  1841 | D:2      | Noticed Robin
  1884 | D:2      | Reached skill level 4 in Unarmed Combat
  2424 | D:2      | Reached XP level 5. HP: 40/40 MP: 4/8
  2731 | D:3      | Noticed Biabri's ghost (weakling MiCK)
  2762 | D:3      | Slain by Biabri's ghost

Skill      XL: |  1  2  3  4 |
---------------+-------------+-----
Dodging        | 2 |  2.6
Stealth        | 1 |  1.7
Unarmed Combat | 4 |  4.1
Fighting       | |  1.2
Spellcasting   | |  2.6
Transmutations | |  2.7

Action                   |  1- 3 |  4- 6 || total
-------------------------+-------+-------++-------
Melee: Unarmed           |   121 |   138 ||   259
       Tailslap          |     9 |    11 ||    20
       Headbutt          |     8 |     4 ||    12
       Punch             |     1 |       ||     1
       Kick              |     2 |    12 ||    14
 Cast: Beastly Appendage |    20 |    19 ||    39
       Sticks to Snakes  |     2 |     3 ||     5
       Spider Form       |     1 |     1 ||     2
  Use: Potion            |     1 |     4 ||     5
       Scroll            |       |     3 ||     3
 Stab: Sleeping          |       |     1 ||     1
  Eat: Chunk             |     2 |     5 ||     7
Armor: Skin              |    46 |    37 ||    83
Dodge: Dodged            |   101 |    83 ||   184
